 Dungeon Crawl Stone Soup version 0.28-a0-938-gbc3f381ebc (webtiles) character file.

Game seed: 6002315792505638379

107 gruber the Cutter (level 5, -2/48 HPs)
             Began as a Kobold Berserker on Nov 28, 2021.
             Was a Believer of Trog.
             Killed by nerve-wracking pain
             ... invoked by an orc priest
              (7 damage)
             ... on level 3 of the Dungeon.
             The game lasted 00:01:37 (2680 turns).

gruber the Cutter (Kobold Berserker)                Turns: 2680, Time: 00:01:38

Health: -2/48      AC:  2    Str: 14    XL:     5   Next: 11%
Magic:  5/5        EV: 15    Int:  9    God:    Trog [**....]
Gold:   104        SH:  0    Dex: 15    Spells: 4/4 levels left

rFire   . . .      SeeInvis .   c - +1 short sword (vamp)
rCold   . . .      Faith    .   (shield restricted)
rNeg    . . .      Spirit   .   b - +0 animal skin
rPois   .          Reflect  .   (no helmet)
rElec   .          Harm     .   l - scarf {shadows}
rCorr   .          Rampage  .   (no gloves)
Will    .....                   (no boots)
Stlth   ..........              (no amulet)
HPRegen 0.16/turn               (no ring)
MPRegen 0.09/turn               (no ring)

@: berserking, very quick
A: small, no large weapons, nightstalker 3
a: Renounce Religion, Berserk, Trog's Hand


You were on level 3 of the Dungeon.
You worshipped Trog.
Trog was pleased with you.
You visited 1 branch of the dungeon, and saw 3 of its levels.

You collected 104 gold pieces.

Inventory:

Hand Weapons
 c - a +1 vampiric short sword (weapon)
 j - a +1 short sword of holy wrath
Armour
 b - a +0 animal skin (worn)
 l - a scarf of shadows (worn)
Wands
 n - a wand of polymorph (13)
Scrolls
 a - a scroll of teleportation {unknown}
 f - a scroll of immolation {unknown}
 i - a scroll of noise {unknown}
Potions
 d - a potion of haste {unknown}
 e - a potion of mutation {unknown}
 g - a potion of invisibility {unknown}
 h - a potion of ambrosia {unknown}
 k - a potion of cancellation {unknown}
 m - a potion of heal wounds {unknown}


   Skills:
 - Level 3.2 Fighting
 + Level 7.2 Short Blades
 - Level 1.5 Armour
 - Level 2.4 Dodging


You had 4 spell levels left.
You didn't know any spells.
Your spell library was empty.

Dungeon Overview and Level Annotations

Branches:
Dungeon (3/15)

Altars:
Hepliaklqana

Shops:
D:2 ?


Innate Abilities, Weirdness & Mutations

You are small and have problems with some larger weapons.
You are completely attuned to the shadows.


Message History

Trog accepts your kill.
Things that are here:
a +0 short sword; a +0 leather armour An orc priest comes into view.
It is wielding a +0 mace.
The orc priest shouts!
The orc priest calls down the wrath of Beogh upon you.
Beogh smites you!
An orc priest is nearby!
An orc priest is nearby!
An orc priest is nearby!
The orc priest closely misses you.
You barely miss the orc priest.
The orc priest invokes the aid of Beogh against you.
Beogh smites you!
You are too injured to fight recklessly!
You are too injured to fight recklessly!
You are too injured to fight recklessly!
A red film seems to cover your vision as you go berserk!
You feel yourself moving faster!
You feel mighty!
The orc priest invokes the aid of Beogh against you.
Pain shoots through your body!
* * * LOW HITPOINT WARNING * * *
You puncture the orc priest!
The orc priest is heavily wounded.
The orc priest closely misses you.
You barely miss the orc priest.
The orc priest is heavily wounded.
You hit the orc priest.
You feel better.
The orc priest is almost dead.
The orc priest hits you with a +0 mace.
* * * LOW HITPOINT WARNING * * *
You closely miss the orc priest.
The orc priest is almost dead.
You barely miss the orc priest.
The orc priest is almost dead.
You completely miss the orc priest.
The orc priest is almost dead.
The orc priest invokes the aid of Beogh against you.
Pain shoots through your body!
You die...

#.#.#
#.#.#
.>.[#
#.#.#
#.#.#
#.#)#
#.#)#
#o#.#
##@#.#
......#
###.###
#.# #.


You could see an orc priest.

Vanquished Creatures
  A hound zombie (D:3)
  2 adders (D:2)
  5 worms (D:2)
  2 dart slugs
  4 orcs (D:3)
  7 ball pythons
  4 endoplasms
  2 giant cockroaches
  4 hobgoblins
  2 jackals (D:1)
  6 kobolds
  2 quokkas
  3 bats
  6 frilled lizards
  2 rats
52 creatures vanquished.

Notes
Turn   | Place    | Note
-------+----------+-------------------------------------------
     0 | D:1      | gruber the Kobold Berserker began the quest for the Orb.
     0 | D:1      | Reached XP level 1. HP: 14/14 MP: 1/1
   217 | D:1      | Reached XP level 2. HP: 15/19 MP: 2/2
   421 | D:1      | Reached skill level 5 in Short Blades
   486 | D:1      | Reached XP level 3. HP: 15/23 MP: 3/3
   854 | D:2      | Found Doofet's Magic Scroll Shoppe.
  1122 | D:2      | Reached skill level 6 in Short Blades
  1122 | D:2      | Reached XP level 4. HP: 11/28 MP: 4/4
  1520 | D:2      | Found a hazy altar of Hepliaklqana.
  1881 | D:2      | Reached ** piety under Trog
  2079 | D:2      | Found a faded altar of an unknown god.
  2378 | D:3      | Reached skill level 7 in Short Blades
  2574 | D:3      | Reached XP level 5. HP: 32/32 MP: 5/5
  2680 | D:3      | Killed from afar by an orc priest

Illustrated notes

Levels and vault maps discovered:
D:1:      saegor_arrival_miasma, layout_rooms, minmay_tall_x
D:2:      layout_loops_ring, basic_altar, shapermc_ecumenical_altar_hornbeckon,
          serial_shops, shop, nicolae_elevator_lobby_plus
D:3:      layout_loops_ring

Skill      XL: |  1  2  3  4 |
---------------+-------------+-----
Short Blades   | 5 6 7 |  7.2
Fighting       | |  3.2
Armour         | |  1.5
Dodging        | |  2.4

Action                   |  1- 3 |  4- 6 || total
-------------------------+-------+-------++-------
Melee: Short sword       |    99 |    77 ||   176
Invok: Berserk           |     1 |     1 ||     2
 Stab: Sleeping          |     9 |     8 ||    17
Armor: Animal skin       |     4 |     3 ||     7
Dodge: Dodged            |    48 |    28 ||    76

Table legend: (Time is in decaauts)
 A = Elapsed time spent in this place.
 B = Non-inter-level travel time spent in this place.
 C = Inter-level travel time spent in this place.
 D = Time resting spent in this place.
 E = Time spent auto-exploring this place.
 F = Levels seen in this place.
 G = Mean time per level.
                   A        B        C        D        E       F      G
               +--------+--------+--------+--------+--------+-----+--------+
         Total |   2657 |   2586 |     71 |      1 |   2261 |   3 |  885.7 |
       Dungeon |   2657 |   2586 |     71 |      1 |   2261 |   3 |  885.7 |
               +--------+--------+--------+--------+--------+-----+--------+

Top non-repeatable levels by time:
     D:2: 1564 daAuts
     D:1: 708 daAuts
     D:3: 384 daAuts
